 Dungeon Crawl Stone Soup version 0.30.0-20-g3615ddf2f0 (webtiles) character file.

Game seed: 8605243593308927184

8525 qw the Cleaver (level 11, -1/71 HPs)
             Began as a Gargoyle Fighter on May 27, 2023.
             Was a Follower of Okawaru.
             Slain by a boulder beetle (16 damage)
             ... on level 11 of the Dungeon.
             The game lasted 00:05:06 (9639 turns).

qw the Cleaver (Gargoyle Fighter)                   Turns: 9639, Time: 00:05:07

Health: -1/71      AC: 21    Str: 23    XL:     11   Next: 32%
Magic:  8/11       EV: 15    Int: 10    God:    Okawaru [*.....]
Gold:   655        SH:  6    Dex:  9    Spells: 10/10 levels left

rFire   + . .        v - +1 war axe (spect)
rCold   . . .        c - +0 buckler
rNeg    + . .        m - +2 chain mail {rF+}
rPois   inf          (no helmet)
rElec   +            q - +0 cloak
rCorr   .            r - +0 pair of gloves
SInv    .            (no boots)
Will    .....        l - amulet of the acrobat Stlth
                     h - +5 ring of evasion
HPRegen 0.31/turn    k - +4 ring of slaying {mikee}
MPRegen 0.12/turn

%: acrobat
@: about to teleport, heroic, corroded
A: sickness immunity, AC +8, negative energy resistance 1, electricity
resistance, torment resistance 1, petrification resistance, low MP 1
a: Renounce Religion, Heroism


You were on level 11 of the Dungeon.
You worshipped Okawaru.
Okawaru was aware of your devotion.
You visited 2 branches of the dungeon, and saw 12 of its levels.

You collected 655 gold pieces.


Innate Abilities, Weirdness & Mutations

You are immune to sickness and miasma.
Your stone body is resilient. (AC +8)
You are immune to poison.
You resist negative energy. (rN+)
You are resistant to electric shocks. (rElec)
You are resistant to unholy torment.
You are immune to petrification.
Your magical capacity is low. (-10% MP)


   Skills:
 - Level 9.0(14.0) Fighting
 - Level 12.0(17.0) Axes
 - Level 3.3(8.3) Throwing
 - Level 7.1(12.1) Armour
 - Level 2.2(7.2) Dodging
 + Level 5.0(10.0) Shields
 + Level 2.2 Invocations


You had 10 spell levels left.
You didn't know any spells.
Your spell library was empty.

Inventory:

Hand Weapons
 v - a +1 spectral war axe (weapon)
 y - a +0 morningstar
Armour
 c - a +0 buckler (worn)
 f - a +0 plate armour
 m - a +2 chain mail of fire resistance (worn)
 q - a +0 cloak (worn)
 r - a +0 pair of gloves (worn)
 s - +0 acid dragon scales
Jewellery
 h - a +5 ring of evasion (left hand)
 k - a +4 ring of slaying (right hand) {mikee}
 l - an amulet of the acrobat (around neck)
Wands
 u - a wand of digging (7)
Scrolls
 j - a scroll of identify
 n - a scroll of teleportation
Potions
 a - 2 potions of curing
 d - a potion of might
 e - a potion of resistance
 i - 2 potions of mutation
 o - a potion of haste
 t - a potion of lignification
 w - a potion of heal wounds
 x - a potion of flight {unknown}

Dungeon Overview and Level Annotations

Branches:
Dungeon (11/15)            Temple (1/1) D:6
   Lair: D:8-11         Orc: D:9-12

Altars:
Ashenzari
Cheibriados
Dithmenos
Elyvilon
Fedhas
Gozag
Hepliaklqana
Kikubaaqudgha
Makhleb
Nemelex Xobeh
Okawaru
Qazlal
Ru
Sif Muna
Trog
Uskayaw
Vehumet
Wu Jian
Xom
Yredelemnul
Zin
The Shining One

Shops:
D:4 *


Message History

You slash the boulder beetle!
The boulder beetle is moderately wounded.
Your +1 spectral war axe hits the boulder beetle.
You hit the boulder beetle.
The boulder beetle is moderately wounded.
Your +1 spectral war axe hits the boulder beetle but does no damage.
The boulder beetle misses you.
You hit the boulder beetle but do no damage.
The boulder beetle is moderately wounded.
Your +1 spectral war axe hits the boulder beetle but does no damage.
The boulder beetle bites you.
You hit the boulder beetle.
The boulder beetle is moderately wounded.
Your +1 spectral war axe hits the boulder beetle but does no damage.
You feel a little less clever now.
The boulder beetle bites you but does no damage.
You barely miss the boulder beetle.
The boulder beetle is moderately wounded.
Your +1 spectral war axe hits the boulder beetle but does no damage.
You hit the boulder beetle but do no damage.
The boulder beetle is moderately wounded.
Your +1 spectral war axe hits the boulder beetle!
You block the boulder beetle's attack.
You hit the boulder beetle but do no damage.
The boulder beetle is heavily wounded.
Your +1 spectral war axe hits the boulder beetle.
You block the boulder beetle's attack.
You hit the boulder beetle but do no damage.
The boulder beetle is heavily wounded.
Your +1 spectral war axe hits the boulder beetle but does no damage.
You hit the boulder beetle but do no damage.
The boulder beetle is heavily wounded.
Your +1 spectral war axe hits the boulder beetle!
The boulder beetle bites you!
9639 ||| READING 2 scrolls of teleportation.
As you read the scroll of teleportation, it crumbles to dust.
You feel strangely unstable.
Your +1 spectral war axe disappears.
The boulder beetle bites you!
You die...

.# #.# ....#
... ...#....##
##.# #.#......#
#.............#
#.#.#.#......#
............+
##.#.#B#......#
#.....<@#
##.#.#.#......#
#...........).#
##.#.#.#.......
#..............
##.# #.#.......
## ..........
.......... ...
....


You could see a boulder beetle.

Vanquished Creatures
  A two-headed ogre (D:11)
  Joseph (D:7)
  2 unseen horrors
  Maggie (D:7)
  2 wyverns
  13 yaks
  Grum (D:9)
  2 steam dragons
  Menkaure (D:7)
  2 acid dragons
  3 orc warriors
  2 ice beasts (D:6)
  3 centaurs
  4 wolves (D:9)
  5 kobold brigands
  Blork the orc (D:4)
  A gnoll sergeant (D:7)
  A scorpion (D:5)
  7 wights
  12 killer bees
  6 howler monkeys
  2 hounds
  3 gnoll boudas
  2 jellies
  6 orc priests
  Terence (D:2)
  6 orc wizards
  2 sleepcaps (D:7)
  5 iguanas
  Ijyb (D:3)
  7 adders
  20 gnolls
  2 white imps
  An ufetubus (D:7)
  2 worms
  4 dart slugs
  29 orcs
  2 bats
  7 endoplasms
  7 giant cockroaches
  13 goblins
  6 hobgoblins
  6 jackals
  23 kobolds
  3 quokkas
  4 ball pythons
  A frilled lizard (D:1)
  5 rats
241 creatures vanquished.

Vanquished Creatures (others)
  An orc (D:8)
1 creature vanquished.

Grand Total: 242 creatures vanquished

Notes
Turn   | Place    | Note
-------+----------+-------------------------------------------
     0 | D:1      | qw the Gargoyle Fighter began the quest for the Orb.
     0 | D:1      | Reached XP level 1. HP: 14/14 MP: 1/1
     0 | D:1      | 0 ||| qw: Version: 0.2-a-99-gce666ed
     0 | D:1      | 0 ||| qw: Game counter: 182
     0 | D:1      | 0 ||| qw: Always use a shield: true
     0 | D:1      | 0 ||| qw: God list: Okawaru
     0 | D:1      | 0 ||| qw: Allow faded altars: false
     0 | D:1      | 0 ||| qw: Do Orc after D:15 true
     0 | D:1      | 0 ||| qw: Do second Lair branch before Depths: true
     0 | D:1      | 0 ||| qw: Lair rune preference: random
     0 | D:1      | 0 ||| qw: Plans: Normal, Zot:1-4, God:TSO, Crypt, Tomb,
                  | Pan, Slime:5, Hells, Abyss, Win
     0 | D:1      | 0 ||| PLANNING D:1-11
    23 | D:1      | 23 ||| Stepping ~*~*~tactically~*~*~ (stealth).
    27 | D:1      | 27 ||| Stepping ~*~*~tactically~*~*~ (stealth).
    42 | D:1      | Reached skill level 2 in Axes
   138 | D:1      | Reached XP level 2. HP: 19/19 MP: 2/2
   300 | D:1      | 300 ||| Stepping ~*~*~tactically~*~*~ (hiding).
   302 | D:1      | 302 ||| Stepping ~*~*~tactically~*~*~ (hiding).
   443 | D:1      | Found a faded altar of an unknown god.
   502 | D:1      | Reached skill level 3 in Axes
   802 | D:1      | 802 ||| READING scroll labelled XEXZYE ACEFOETOS.
   803 | D:1      | 803 ||| READING scroll labelled ESHIPI MOYM.
   804 | D:1      | 804 ||| READING scroll labelled BAWNAZO FITTEBB.
   925 | D:2      | Noticed Terence
   930 | D:2      | Killed Terence
   931 | D:2      | Reached XP level 3. HP: 23/23 MP: 3/3
  1175 | D:2      | Reached XP level 4. HP: 28/28 MP: 4/4
  1507 | D:2      | 1507 ||| UPGRADING to +5 ring of evasion.
  1508 | D:2      | 1508 ||| DROPPING ring of magical power.
  1509 | D:2      | 1509 ||| READING scroll labelled VAANWO DIMUICA.
  1510 | D:2      | 1510 ||| READING scroll labelled RILLUG JOLAM.
  1511 | D:2      | 1511 ||| READING scroll labelled UPSYXI SUWN.
  1539 | D:3      | 1539 ||| PLANNING SEWER
  1540 | D:3      | Found a snail-covered altar of Cheibriados.
  1606 | D:3      | Reached skill level 4 in Axes
  1627 | D:3      | 1627 ||| Stepping ~*~*~tactically~*~*~ (hiding).
  1641 | D:3      | 1641 ||| Stepping ~*~*~tactically~*~*~ (stealth).
  1744 | D:3      | Found a stormy altar of Qazlal.
  1832 | D:3      | Found a sacrificial altar of Ru.
  1834 | D:3      | Found a white marble altar of Elyvilon.
  1834 | D:3      | Found a burning altar of Makhleb.
  1960 | D:3      | 1960 ||| Stepping ~*~*~tactically~*~*~ (stealth).
  1962 | D:3      | Noticed Ijyb
  1963 | D:3      | 1963 ||| Stepping ~*~*~tactically~*~*~ (stealth).
  1976 | D:3      | 1976 ||| Stepping ~*~*~tactically~*~*~ (stealth).
  1977 | D:3      | 1977 ||| Stepping ~*~*~tactically~*~*~ (stealth).
  1987 | D:3      | Killed Ijyb
  1988 | D:3      | Reached XP level 5. HP: 32/32 MP: 5/5
  2232 | D:3      | 2232 ||| RIP SEWER
  2303 | D:3      | 2303 ||| PLANNING D:1-11
  2303 | D:3      | 2303 ||| UPGRADING to amulet of the acrobat.
  2308 | D:3      | 2308 ||| DROPPING amulet of faith.
  2309 | D:3      | 2309 ||| UPGRADING to +4 ring of slaying {mikee}.
  2310 | D:3      | 2310 ||| READING 2 scrolls labelled FOG SERUKALUIBUIT.
  2311 | D:3      | 2311 ||| DROPPING scroll of vulnerability.
  2354 | D:4      | 2354 ||| STAIRDANCE
  2360 | D:3      | Reached skill level 5 in Axes
  2385 | D:4      | 2385 ||| STAIRDANCE
  2410 | D:4      | Noticed Blork the orc
  2411 | D:4      | 2411 ||| Stepping ~*~*~tactically~*~*~ (hiding).
  2425 | D:4      | HP: 8/32 [Blork the orc/+2 heavy war axe (17)]
  2426 | D:4      | Killed Blork the orc
  2427 | D:4      | Reached XP level 6. HP: 10/39 MP: 6/6
  2545 | D:4      | 2545 ||| Stepping ~*~*~tactically~*~*~ (hiding).
  2548 | D:4      | 2548 ||| Stepping ~*~*~tactically~*~*~ (hiding).
  2550 | D:4      | 2550 ||| Stepping ~*~*~tactically~*~*~ (hiding).
  2601 | D:4      | Found a shimmering blue altar of Sif Muna.
  2609 | D:4      | Noticed an orc warrior
  2616 | D:4      | Killed an orc warrior
  2669 | D:4      | Found a bloodstained altar of Trog.
  2761 | D:4      | Found Zin's Purification Station.
  2764 | D:4      | Found a glowing silver altar of Zin.
  2767 | D:4      | 2767 ||| SHOPLISTING 2 potions of curing (180 gold, have
                  | 159).
  2917 | D:4      | Reached XP level 7. HP: 41/44 MP: 7/7
  3146 | D:4      | 3146 ||| Stepping ~*~*~tactically~*~*~ (stealth).
  3148 | D:4      | 3148 ||| Stepping ~*~*~tactically~*~*~ (stealth).
  3324 | D:4      | 3324 ||| UPGRADING to +0 chain mail.
  3334 | D:4      | 3334 ||| DROPPING +0 scale mail.
  3335 | D:4      | 3335 ||| READING 3 scrolls labelled HEUSUREPTO.
  3336 | D:4      | 3336 ||| READING 2 scrolls labelled XARPHIOPRANYU.
  3341 | D:4      | 3341 ||| DRINKING 2 white potions.
  3342 | D:4      | 3342 ||| DROPPING potion of degeneration.
  3343 | D:4      | 3343 ||| DROPPING 2 scrolls of blinking.
  3378 | D:5      | Entered Level 5 of the Dungeon
  3415 | D:5      | 3415 ||| Stepping ~*~*~tactically~*~*~ (hiding).
  3416 | D:5      | 3416 ||| Stepping ~*~*~tactically~*~*~ (hiding).
  3417 | D:5      | 3417 ||| Stepping ~*~*~tactically~*~*~ (hiding).
  3439 | D:5      | Reached skill level 6 in Axes
  3570 | D:5      | 3570 ||| DROPPING +0 mace.
  3659 | D:5      | 3659 ||| Stepping ~*~*~tactically~*~*~ (hiding).
  3660 | D:5      | 3660 ||| Stepping ~*~*~tactically~*~*~ (hiding).
  3932 | D:5      | 3932 ||| Stepping ~*~*~tactically~*~*~ (hiding).
  3933 | D:5      | 3933 ||| Stepping ~*~*~tactically~*~*~ (hiding).
  3935 | D:5      | 3935 ||| Stepping ~*~*~tactically~*~*~ (hiding).
  3936 | D:5      | 3936 ||| Stepping ~*~*~tactically~*~*~ (hiding).
  3937 | D:5      | 3937 ||| Stepping ~*~*~tactically~*~*~ (hiding).
  3939 | D:5      | 3939 ||| Stepping ~*~*~tactically~*~*~ (hiding).
  4154 | D:5      | 4154 ||| UPGRADING to +0 cloak.
  4159 | D:5      | 4159 ||| DRINKING 2 silvery potions.
  4160 | D:5      | 4160 ||| DRINKING 2 murky inky potions.
  4179 | D:6      | 4179 ||| Stepping ~*~*~tactically~*~*~ (stealth).
  4191 | D:6      | Reached skill level 7 in Axes
  4229 | D:6      | 4229 ||| FLEEEEING.
  4230 | D:6      | 4230 ||| FLEEEEING.
  4231 | D:6      | 4231 ||| FLEEEEING.
  4232 | D:6      | 4232 ||| FLEEEEING.
  4234 | D:6      | 4234 ||| FLEEEEING.
  4235 | D:6      | 4235 ||| FLEEEEING.
  4237 | D:6      | 4237 ||| Stepping ~*~*~tactically~*~*~ (hiding).
  4244 | D:6      | 4244 ||| DRINKING potion of curing.
  4244 | D:6      | 4244 ||| (to cure confusion)
  4248 | D:6      | Reached XP level 8. HP: 46/48 MP: 8/8
  4347 | D:6      | 4347 ||| Stepping ~*~*~tactically~*~*~ (stealth).
  4585 | D:6      | Found a staircase to the Ecumenical Temple.
  4586 | D:6      | 4586 ||| PLANNING TEMPLE
  4586 | D:6      | 4586 ||| UPGRADING to +0 pair of gloves.
  4591 | D:6      | 4591 ||| READING 2 scrolls of identify.
  4591 | D:6      | 4591 ||| IDENTIFYING viscous red potion
  4600 | Temple   | Entered the Ecumenical Temple
  4947 | Temple   | 4947 ||| PLANNING D:1-11
  5144 | D:6      | Reached skill level 8 in Axes
  5300 | D:6      | 5300 ||| DRINKING 2 sedimented cyan potions.
  5300 | D:6      | Gained mutation: Your magical capacity is low. (-10% MP)
                  | [potion of mutation]
  5359 | D:7      | Noticed Menkaure
  5360 | D:7      | 5360 ||| Stepping ~*~*~tactically~*~*~ (hiding).
  5367 | D:7      | Killed Menkaure
  5368 | D:7      | Reached skill level 6 in Fighting
  5490 | D:7      | Noticed Maggie
  5505 | D:7      | Killed Maggie
  5506 | D:7      | Reached XP level 9. HP: 30/55 MP: 8/8
  5643 | D:7      | 5643 ||| Stepping ~*~*~tactically~*~*~ (hiding).
  5652 | D:7      | Reached skill level 9 in Axes
  5890 | D:7      | 5890 ||| Stepping ~*~*~tactically~*~*~ (stealth).
  5892 | D:7      | 5892 ||| Stepping ~*~*~tactically~*~*~ (stealth).
  5893 | D:7      | 5893 ||| Stepping ~*~*~tactically~*~*~ (stealth).
  5959 | D:7      | Noticed Joseph
  5960 | D:7      | 5960 ||| Stepping ~*~*~tactically~*~*~ (stealth).
  5962 | D:7      | 5962 ||| Stepping ~*~*~tactically~*~*~ (hiding).
  5982 | D:7      | Killed Joseph
  6156 | D:7      | 6156 ||| Stepping ~*~*~tactically~*~*~ (hiding).
  6264 | D:7      | HP: 10/59 [acid dragon/splash of acid (15)]
  6265 | D:7      | 6265 ||| READING scroll of teleportation.
  6266 | D:7      | 6266 ||| DRINKING potion of heal wounds.
  6437 | D:7      | Reached skill level 1 in Throwing
  6439 | D:7      | 6439 ||| FLEEEEING.
  6440 | D:7      | 6440 ||| STAIRDANCE
  6526 | D:6      | 6526 ||| READING 3 scrolls labelled LUNWAWK JUEX.
  6527 | D:6      | 6527 ||| READING scroll labelled XENNEN ULIRGH.
  6528 | D:6      | 6528 ||| DRINKING 2 fuming pink potions.
  6529 | D:6      | 6529 ||| READING 2 scrolls of identify.
  6529 | D:6      | 6529 ||| IDENTIFYING coppery potion
  6530 | D:6      | 6530 ||| DROPPING potion of invisibility.
  6531 | D:6      | 6531 ||| DROPPING 2 scrolls of butterflies.
  6545 | D:7      | 6545 ||| Stepping ~*~*~tactically~*~*~ (stealth).
  6548 | D:7      | 6548 ||| Stepping ~*~*~tactically~*~*~ (stealth).
  6552 | D:7      | 6552 ||| Stepping ~*~*~tactically~*~*~ (hiding).
  6700 | D:7      | Killed an unseen horror
  6701 | D:7      | Reached skill level 3 in Throwing
  6701 | D:7      | Reached XP level 10. HP: 21/64 MP: 9/9
  7111 | D:7      | 7111 ||| DRINKING 2 fizzy purple potions.
  7112 | D:7      | 7112 ||| DROPPING potion of magic.
  7159 | D:8      | 7159 ||| Stepping ~*~*~tactically~*~*~ (cloud).
  7169 | D:8      | 7169 ||| Stepping ~*~*~tactically~*~*~ (cloud).
  7195 | D:8      | 7195 ||| Stepping ~*~*~tactically~*~*~ (hiding).
  7270 | D:8      | Reached skill level 10 in Axes
  7529 | D:8      | 7529 ||| Stepping ~*~*~tactically~*~*~ (hiding).
  7536 | D:8      | 7536 ||| FLEEEEING.
  7537 | D:8      | 7537 ||| FLEEEEING.
  7538 | D:8      | 7538 ||| FLEEEEING.
  7539 | D:8      | 7539 ||| FLEEEEING.
  7540 | D:8      | 7540 ||| FLEEEEING.
  7541 | D:8      | 7541 ||| FLEEEEING.
  7542 | D:8      | 7542 ||| FLEEEEING.
  7543 | D:8      | 7543 ||| FLEEEEING.
  7544 | D:8      | 7544 ||| FLEEEEING.
  7545 | D:8      | 7545 ||| FLEEEEING.
  7546 | D:8      | 7546 ||| FLEEEEING.
  7547 | D:8      | 7547 ||| FLEEEEING.
  7548 | D:8      | 7548 ||| FLEEEEING.
  7549 | D:8      | 7549 ||| FLEEEEING.
  7550 | D:8      | 7550 ||| FLEEEEING.
  7552 | D:8      | 7552 ||| FLEEEEING.
  7553 | D:8      | 7553 ||| FLEEEEING.
  7555 | D:8      | 7555 ||| FLEEEEING.
  7556 | D:8      | 7556 ||| FLEEEEING.
  7557 | D:8      | 7557 ||| FLEEEEING.
  7558 | D:8      | 7558 ||| FLEEEEING.
  7559 | D:8      | 7559 ||| FLEEEEING.
  7560 | D:8      | 7560 ||| FLEEEEING.
  7629 | D:8      | 7629 ||| Stepping ~*~*~tactically~*~*~ (hiding).
  7791 | D:8      | Found a shadowy altar of Dithmenos.
  7793 | D:8      | 7793 ||| Stepping ~*~*~tactically~*~*~ (stealth).
  7796 | D:8      | 7796 ||| Stepping ~*~*~tactically~*~*~ (hiding).
  7797 | D:8      | 7797 ||| Stepping ~*~*~tactically~*~*~ (hiding).
  7799 | D:8      | Found a glowing golden altar of the Shining One.
  7799 | D:8      | Found a blossoming altar of Fedhas.
  7913 | D:8      | 7913 ||| Stepping ~*~*~tactically~*~*~ (stealth).
  7918 | D:8      | 7918 ||| Stepping ~*~*~tactically~*~*~ (stealth).
  7922 | D:8      | 7922 ||| Stepping ~*~*~tactically~*~*~ (stealth).
  7944 | D:8      | 7944 ||| READING scroll of brand weapon.
  7944 | D:8      | 7944 ||| BRANDING +0 war axe of protection.
  8165 | D:8      | 8165 ||| UPGRADING to +0 plate armour.
  8175 | D:8      | 8175 ||| DROPPING +0 chain mail.
  8176 | D:8      | 8176 ||| READING scroll labelled XEFUFOTHR PONEO.
  8277 | D:8      | 8277 ||| READING 2 scrolls of identify.
  8277 | D:8      | 8277 ||| IDENTIFYING bubbling coppery potion
  8278 | D:8      | 8278 ||| DROPPING potion of ambrosia.
  8305 | D:9      | 8305 ||| STAIRDANCE
  8314 | D:8      | Reached skill level 6 in Armour
  8440 | D:9      | 8440 ||| Stepping ~*~*~tactically~*~*~ (hiding).
  8441 | D:9      | 8441 ||| Stepping ~*~*~tactically~*~*~ (hiding).
  8661 | D:9      | Noticed Grum
  8668 | D:9      | Reached skill level 11 in Axes
  8668 | D:9      | Killed Grum
  8767 | D:9      | 8767 ||| DROPPING +0 flail.
  8808 | D:9      | Found an iron altar of Okawaru.
  8809 | D:9      | 8809 ||| PLANNING OKAWARU WORSHIP
  8809 | D:9      | 8809 ||| UPGRADING to +2 chain mail of fire resistance.
  8819 | D:9      | 8819 ||| READING 2 scrolls labelled WITSU WENISITUNI.
  8820 | D:9      | 8820 ||| READING scroll of enchant weapon.
  8820 | D:9      | 8820 ||| ENCHANTING +0 spectral war axe.
  8828 | D:9      | Reached skill level 9 in Fighting
  8830 | D:9      | Became a worshipper of Warmaster Okawaru
  8830 | D:9      | 8830 ||| PLANNING D:1-11
  8838 | D:9      | Reached XP level 11. HP: 66/71 MP: 9/9
  9081 | D:10     | Entered Level 10 of the Dungeon
  9151 | D:10     | 9151 ||| Stepping ~*~*~tactically~*~*~ (stealth).
  9153 | D:10     | 9153 ||| Stepping ~*~*~tactically~*~*~ (stealth).
  9241 | D:10     | Found a shimmering altar of Xom.
  9242 | D:10     | 9242 ||| Stepping ~*~*~tactically~*~*~ (hiding).
  9275 | D:10     | 9275 ||| Stepping randomly (disturbance).
  9276 | D:10     | 9276 ||| Stepping randomly (disturbance).
  9284 | D:10     | Reached * piety under Okawaru
  9345 | D:10     | 9345 ||| Stepping ~*~*~tactically~*~*~ (stealth).
  9584 | D:10     | 9584 ||| READING scroll labelled ENYLORPHURUSK.
  9585 | D:10     | 9585 ||| DRINKING 2 fizzy golden potions.
  9586 | D:10     | 9586 ||| READING 3 scrolls of identify.
  9586 | D:10     | 9586 ||| IDENTIFYING grey potion
  9587 | D:10     | 9587 ||| READING 2 scrolls of identify.
  9587 | D:10     | 9587 ||| IDENTIFYING orange potion
  9588 | D:10     | 9588 ||| DROPPING potion of brilliance.
  9589 | D:10     | 9589 ||| DROPPING potion of berserk rage.
  9613 | D:11     | Noticed a two-headed ogre
  9613 | D:11     | Noticed a boulder beetle
  9614 | D:11     | 9614 ||| Stepping ~*~*~tactically~*~*~ (hiding).
  9615 | D:11     | 9615 ||| INVOKING Heroism.
  9620 | D:11     | Killed a two-headed ogre
  9625 | D:11     | Reached skill level 12 in Axes
  9629 | D:11     | 9629 ||| INVOKING Heroism.
  9638 | D:11     | HP: 14/71 [boulder beetle (15)]
  9639 | D:11     | 9639 ||| READING 2 scrolls of teleportation.
  9639 | D:11     | Slain by a boulder beetle

Levels and vault maps discovered:
D:1:      eino_arrival_cavern_a, layout_basic,
          shapermc_ecumenical_altar_rom_forum
D:2:      layout_basic, uniq_terence
D:3:      kennysheep_goblin_castle, layout_rooms, mainiacjoe_overflow_boulevard,
          slow_altar_1, chequers_temple_overflow_statue_of_worship,
          gup_sewer_entry_bowl
D:4:      minmay_skewed_foursquare, layout_basic,
          nzn_overflow_gifts_of_might_and_magic, zin_purify,
          minmay_misc_feat_roman, minivault_27, minmay_distorted,
          uniq_blork_the_orc
D:5:      cheibrodos_quashed, layout_basic
D:6:      layout_gridville, minmay_temple_entry_statues_pillars
D:7:      minmay_chambers_of_sixes, layout_basic,
          minmay_fractal_squares_gapless_5, uniq_maggie, uniq_menkaure,
          uniq_joseph
D:8:      layout_loops_corners, grunt_temple_overflow_open, serial_glass,
          glass_columns_b, glass_columns_a
D:9:      layout_gridville, okawaru_gym_becter, uniq_grum
D:10:     layout_rooms, kennysheep_little_box
D:11:     layout_grid_maze, dpeg_oklobed_lair, serial_glass, glass_columns_a,
          glass_columns_b, corexii_corridor_pit, st_stairs_12
Temple:   compressed_dpeg_triangle_lava_temple

Skill      XL: |  1  2  3  4  5  6  7  8  9 10 11 |
---------------+----------------------------------+-----
Axes           | 2 3 4 5 7 8 9 11 12 | 12.0
Fighting       | 4 6 8 9 |  9.0
Dodging        | 2 |  2.2
Armour         | 4 5 7 |  7.1
Shields        | 4 5 |  5.0
Throwing       | 3 |  3.3
Invocations    | 2 |  2.2

Action                     |  1- 3 |  4- 6 |  7- 9 | 10-12 || total
---------------------------+-------+-------+-------+-------++-------
  Melee: War axe           |    74 |   154 |   282 |   212 ||   722
  Throw: Boomerang         |       |       |     6 |    18 ||    24
         Javelin           |       |       |     2 |     9 ||    11
 Invoke: Heroism           |       |       |       |     2 ||     2
    Use: Scroll            |     3 |     4 |     7 |     9 ||    23
         Potion            |       |       |     7 |     2 ||     9
   Stab: Distracted        |       |       |       |     1 ||     1
 Armour: Scale mail        |    42 |    75 |     4 |       ||   121
         Chain mail        |       |       |   156 |    49 ||   205
         Plate armour      |       |       |       |    32 ||    32
  Dodge: Dodged            |    34 |    82 |   192 |   129 ||   437
  Block: Buckler           |    16 |    25 |    60 |    27 ||   128

Table legend:
 A = Non-vault XP
 B = Vault XP
 C = Vault XP percentage of total XP
 D = Non-vault monster count
 E = Vault monster count
 F = Vault count percentage of total count
                 A         B        C        D         E       F
            +---------+---------+-------+---------+---------+-------
      Total |    8241 |    3938 |  32.3 |     196 |      45 |  18.7
            +---------+---------+-------+---------+---------+-------
        D:1 |      33 |       0 |   0.0 |      18 |       0 |   0.0
        D:2 |      22 |      38 |  63.3 |      10 |       1 |   9.1
        D:3 |      88 |      64 |  42.1 |      15 |      16 |  51.6
        D:4 |      79 |     368 |  82.3 |       9 |      10 |  52.6
        D:5 |     308 |       0 |   0.0 |      17 |       0 |   0.0
        D:6 |     854 |       0 |   0.0 |      18 |       0 |   0.0
        D:7 |     928 |    1993 |  68.2 |      29 |      12 |  29.3
        D:8 |    1994 |       0 |   0.0 |      32 |       0 |   0.0
        D:9 |    2016 |     648 |  24.3 |      23 |       5 |  17.9
       D:10 |    1762 |       0 |   0.0 |      24 |       0 |   0.0
       D:11 |     157 |     827 |  84.0 |       1 |       1 |  50.0
            +---------+---------+-------+---------+---------+-------
